 Dungeon Crawl Stone Soup version 0.24-a0-639-gb70a11d (webtiles) character file.

Game seed: 4188146696041874984, levelgen mode: deterministic

1613 pichaelthompson the Charmwright (level 8, -4/64 HPs)
             Began as a Gnoll Skald on Sept 22, 2019.
             Was an Initiate of Ashenzari.
             Killed by divine providence
             ... invoked by an orc priest
              (12 damage)
             ... on level 6 of the Dungeon.
             The game lasted 00:20:08 (7024 turns).

pichaelthompson the Charmwright (Gnoll Skald)       Turns: 7024, Time: 00:20:09

Health: -4/64      AC:  9    Str: 14    XL:     8   Next: 95%
Magic:  17/17      EV: 12    Int: 15    God:    Ashenzari [......]
Gold:   310        SH:  9    Dex: 17    Spells: 12/19 levels left

rFire    . . .     SeeInvis .   A - +4 flail (protect) (curse)
rCold    + . .     Gourm    .   l - +0 shield (curse)
rNeg     . . .     Faith    .   C - +0 ring mail {rC+}
rPois    +         Spirit   .   (no helmet)
rElec    .         Reflect  .   (no cloak)
rCorr    .         Harm     .   (no gloves)
MR       .....                  (no boots)
Stlth    ++........             (no amulet)
HPRegen  0.20/turn              z - +3 ring of protection
MPRegen  0.15/turn              y - ring of poison resistance

@: no status effects
A: distributed training, fangs 1, strong nose
a: Curse Item, Renounce Religion


You were on level 6 of the Dungeon.
You worshipped Ashenzari.
Ashenzari was noncommittal.
You were not hungry.

You visited 1 branch of the dungeon, and saw 6 of its levels.
You also visited: Sewer.

You collected 310 gold pieces.

Inventory:

Hand Weapons
 a - a +0 spear
 u - a +0 falchion of slicing
 A - a cursed +4 flail of protection (weapon)
Missiles
 c - 7 boomerangs (quivered)
Armour
 g - a +0 buckler
 l - a cursed +0 shield (worn)
 C - a +0 ring mail of cold resistance (worn)
Jewellery
 b - an uncursed ring of magical power
 y - a ring of poison resistance (right hand)
 z - a +3 ring of protection (left hand)
Scrolls
 f - 2 scrolls of immolation {unknown}
 h - 7 scrolls of identify {unknown}
 j - a scroll of remove curse
 m - 2 scrolls of fear {unknown}
 r - 4 scrolls of enchant weapon {unknown}
 t - a scroll of teleportation {unknown}
 v - a scroll of noise {unknown}
 D - a scroll of enchant armour {unknown}
Potions
 e - a potion of degeneration {unknown}
 i - 2 potions of curing {unknown}
 k - 4 potions of heal wounds
 n - a potion of invisibility {unknown}
 p - 4 potions of lignification {unknown}
 q - 2 potions of flight {unknown}
 s - a potion of brilliance {unknown}
 w - a potion of ambrosia {unknown}
 x - 2 potions of agility {unknown}
 B - a potion of berserk rage {unknown}
Comestibles
 d - 7 rations


   Skills:
 + Level 5.9 Fighting
 + Level 3.6 Short Blades
 + Level 3.6 Long Blades
 + Level 3.6 Axes
 + Level 3.6 Maces & Flails
 + Level 5.9 Polearms
 + Level 3.6 Staves
 + Level 3.6 Slings
 + Level 3.6 Bows
 + Level 3.6 Crossbows
 + Level 3.6 Throwing
 + Level 4.5 Armour
 + Level 5.9 Dodging
 + Level 3.6 Stealth
 + Level 3.6 Shields
 + Level 3.6 Unarmed Combat
 + Level 6.2 Spellcasting
 + Level 3.0 Conjurations
 + Level 3.0 Hexes
 + Level 6.3 Charms
 + Level 3.0 Summonings
 + Level 3.0 Necromancy
 + Level 3.0 Translocations
 + Level 3.0 Transmutations
 + Level 3.0 Fire Magic
 + Level 3.0 Ice Magic
 + Level 3.0 Air Magic
 + Level 3.0 Earth Magic
 + Level 3.0 Poison Magic
 + Level 4.0 Invocations
 + Level 3.6 Evocations


You had 12 spell levels left.
You knew the following spells:

 Your Spells              Type           Power        Failure   Level  Hunger
a - Infusion              Chrm           ###.         9%          1    None
b - Spectral Weapon       Hex/Chrm       ###.....     47%         3    ##.....
c - Regeneration          Chrm/Necr      ###.......   47%         3    ##.....

Your spell library contained the following spells:

 Spells                   Type           Power        Failure   Level  Hunger
 Song of Slaying          Chrm           ###.....     14%         2    #......
 Shroud of Golubria       Chrm/Tloc      ###...       26%         2    #......
 Swiftness                Chrm/Air       ###.....     26%         2    #......
 Shock                    Conj/Air       ##..         34%         1    None
 Static Discharge         Conj/Air       ##......     71%         3    ##.....
 Airstrike                Air            ##........   98%         4    ####...
 Summon Lightning Spire   Summ/Air       ##......     98%         4    ####...
 Excruciating Wounds      Chrm/Necr      ###.......   99%         5    ######.
 Dispel Undead            Necr           ##......     100%        5    ######.
 Lightning Bolt           Conj/Air       ##........   100%        5    ######.
 Shadow Creatures         Summ           N/A          100%        6    #######


Dungeon Overview and Level Annotations

Branches:
Dungeon (6/15)             Temple (0/1) D:6           Sewer (visited)

Altars:
Ashenzari
Gozag
Sif Muna

Annotations:
D:6 Prince Ribbit


Innate Abilities, Weirdness & Mutations

Your experience applies equally to all skills.
You have very sharp teeth.
Your uncanny sense of smell can sniff out nearby items.


Message History

Prince Ribbit says, "You're just another fly to me."
Prince Ribbit blinks!
The bullfrog hits you but does no damage.
The orc completely misses you. You block the bullfrog's attack.
Prince Ribbit closely misses you.
The bullfrog hits you but does no damage.
You block Prince Ribbit's attack. You block Prince Ribbit's attack.
The bullfrog hits you. Prince Ribbit hits you! x2
The orc wizard mumbles some strange words.
The orc wizard blinks!
Prince Ribbit catches a mosquito with his tongue.
Prince Ribbit hits you!
The orc priest invokes the aid of Beogh against you.
Beogh smites you!
* * * LOW HITPOINT WARNING * * *
Prince Ribbit blinks!
The orc priest invokes the aid of Beogh against you.
Beogh smites you!
You die...

##.#####.........#
#.##.##. #
#.o.......# #.##.#
. #.#.#o#####
#.##.# .
#.oo..#######.##.#
###F..........##.#
#.#.#######....#
#.#o#.# #.##.#
#.#.#########.##.#
#.#@#..#.........#
#.#.#..#.####.##.#
#.#.#..#......##.#
#.#.#..#..######.#
#.#.#..#..# #.#
#......#..# #.#
###.#.....# #.#
#.####.## #.###
#......# #....


You could see a bullfrog, an orc priest, an orc wizard and 2 orcs.

Vanquished Creatures
  A wraith (D:6)
  Edmund (D:6)
  Duvessa (D:6)
  Purgy (Sewer)
  A hornet zombie (D:5)
  An ogre (D:5)
  A necrophage (D:6)
  A phantom (D:5)
  A bullfrog (D:6)
  A scorpion (D:4)
  Dowan (D:6)
  A howler monkey (D:4)
  A crimson imp (D:6)
  A quasit (D:6)
  A jelly (D:6)
  A hound (D:5)
  A bullfrog skeleton (D:5)
  An orc priest (D:4)
  An iguana (D:4)
  4 orc wizards
  2 worker ants (D:5)
  A hound skeleton (D:5)
  4 gnolls (D:6)
  10 adders
  A shadow imp (D:6)
  2 oozes
  2 adder zombies
  5 worms
  5 dart slugs
  2 leopard geckos
  9 orcs
  6 giant cockroaches
  10 hobgoblins
  8 jackals
  A quokka (D:3)
  10 bats
  6 frilled lizards
  A giant cockroach zombie (D:5)
  3 goblins
  A jackal skeleton (D:4)
  A jackal zombie (D:5)
  5 kobolds
  A quokka skeleton (D:6)
  4 rats
123 creatures vanquished.

Notes
Turn   | Place    | Note
-------+----------+-------------------------------------------
     0 | D:1      | pichaelthompson the Gnoll Skald began the quest for the
                  | Orb.
     0 | D:1      | Reached XP level 1. HP: 20/20 MP: 6/6
   211 | D:1      | Reached XP level 2. HP: 26/26 MP: 7/7
   633 | D:2      | Reached XP level 3. HP: 19/31 MP: 9/9
   644 | D:2      | Learned a level 3 spell: Spectral Weapon
   648 | D:2      | Learned a level 3 spell: Regeneration
   658 | D:2      | Reached skill level 5 in Spellcasting
   835 | D:2      | Reached skill level 1 in Invocations
  1462 | D:2      | Reached skill level 1 in Short Blades
  1462 | D:2      | Reached skill level 1 in Long Blades
  1462 | D:2      | Reached skill level 1 in Axes
  1462 | D:2      | Reached skill level 1 in Maces & Flails
  1462 | D:2      | Reached skill level 1 in Staves
  1462 | D:2      | Reached skill level 1 in Slings
  1462 | D:2      | Reached skill level 1 in Bows
  1462 | D:2      | Reached skill level 1 in Crossbows
  1462 | D:2      | Reached skill level 1 in Throwing
  1462 | D:2      | Reached skill level 1 in Stealth
  1462 | D:2      | Reached skill level 1 in Shields
  1462 | D:2      | Reached skill level 1 in Unarmed Combat
  1462 | D:2      | Reached skill level 1 in Evocations
  1512 | D:2      | Reached XP level 4. HP: 38/38 MP: 11/11
  1939 | D:3      | Reached skill level 1 in Conjurations
  1939 | D:3      | Reached skill level 1 in Hexes
  1939 | D:3      | Reached skill level 1 in Summonings
  1939 | D:3      | Reached skill level 1 in Necromancy
  1939 | D:3      | Reached skill level 1 in Translocations
  1939 | D:3      | Reached skill level 1 in Transmutations
  1939 | D:3      | Reached skill level 1 in Fire Magic
  1939 | D:3      | Reached skill level 1 in Ice Magic
  1939 | D:3      | Reached skill level 1 in Air Magic
  1939 | D:3      | Reached skill level 1 in Earth Magic
  1939 | D:3      | Reached skill level 1 in Poison Magic
  2305 | D:3      | Reached XP level 5. HP: 34/43 MP: 12/12
  2829 | D:3      | Found a faded altar of an unknown god.
  3308 | D:4      | Reached XP level 6. HP: 11/50 MP: 13/13
  3815 | D:4      | Found a shimmering blue altar of Sif Muna.
  4137 | D:4      | Reached skill level 5 in Fighting
  4137 | D:4      | Reached skill level 5 in Polearms
  4137 | D:4      | Reached skill level 5 in Dodging
  4317 | D:5      | Entered Level 5 of the Dungeon
  4514 | D:5      | Reached XP level 7. HP: 45/56 MP: 15/15
  5673 | D:6      | Noticed a wraith
  5687 | D:6      | Killed a wraith
  5687 | D:6      | Reached XP level 8. HP: 12/63 MP: 14/16
  5860 | D:6      | Found a glowing drain.
  5880 | Sewer    | Entered a sewer
  5918 | Sewer    | Noticed Purgy
  5938 | Sewer    | Killed Purgy
  5973 | Sewer    | Identified Apsuqiopt's Compendium of Supportive Sinister
                  | Magic
  6076 | D:6      | Noticed Edmund
  6153 | D:6      | Killed Edmund
  6248 | D:6      | Noticed Duvessa
  6250 | D:6      | Noticed Dowan
  6428 | D:6      | Killed Dowan
  6449 | D:6      | Killed Duvessa
  6651 | D:6      | Found an opulent altar of Gozag.
  6701 | D:6      | Found a shattered altar of Ashenzari.
  6707 | D:6      | Became a worshipper of Ashenzari the Shackled
  7006 | D:6      | Found a staircase to the Ecumenical Temple.
  7007 | D:6      | Noticed Prince Ribbit
  7024 | D:6      | Killed from afar by an orc priest

Levels and vault maps discovered:
D:1:      dpeg_arrival_three_same_balls, layout_basic
D:2:      layout_loops_ring
D:3:      layout_loops_ring, serial_bayou, serial_bayou_pond_e,
          serial_bayou_pond_a, serial_bayou_pond_c, serial_bayou_shore_a,
          chequers_ecumenical_altar_twisty
D:4:      layout_gridville, lemuel_doored_altar, first_ration
D:5:      layout_basic, nicolae_overflow_hidden_temple
D:6:      layout_basic, marbit_many_paths, kennysheep_mini,
          minmay_temple_entry_proselytizer, cheibrodos_sewer_entry_bend,
          minmay_misc_feat_x, uniq_edmund, uniq_duvessa, uniq_prince_ribbit1

Skill      XL: |  1  2  3  4  5  6  7  8 |
---------------+-------------------------+-----
Spellcasting   | 5 6 |  6.2
Invocations    | 1 2 3 4 |  4.0
Short Blades   | 1 2 3 |  3.6
Long Blades    | 1 2 3 |  3.6
Axes           | 1 2 3 |  3.6
Maces & Flails | 1 2 3 |  3.6
Staves         | 1 2 3 |  3.6
Slings         | 1 2 3 |  3.6
Bows           | 1 2 3 |  3.6
Crossbows      | 1 2 3 |  3.6
Throwing       | 1 2 3 |  3.6
Stealth        | 1 2 3 |  3.6
Shields        | 1 2 3 |  3.6
Unarmed Combat | 1 2 3 |  3.6
Evocations     | 1 2 3 |  3.6
Conjurations   | 1 2 3 |  3.0
Hexes          | 1 2 3 |  3.0
Summonings     | 1 2 3 |  3.0
Necromancy     | 1 2 3 |  3.0
Translocations | 1 2 3 |  3.0
Transmutations | 1 2 3 |  3.0
Fire Magic     | 1 2 3 |  3.0
Ice Magic      | 1 2 3 |  3.0
Air Magic      | 1 2 3 |  3.0
Earth Magic    | 1 2 3 |  3.0
Poison Magic   | 1 2 3 |  3.0
Armour         | 3 4 |  4.5
Fighting       | 5 |  5.9
Polearms       | 5 |  5.9
Dodging        | 5 |  5.9
Charms         | 6 |  6.3

Action                   |  1- 3 |  4- 6 |  7- 9 || total
-------------------------+-------+-------+-------++-------
Melee: Spear             |   119 |    26 |       ||   145
       Bite              |     8 |    27 |    35 ||    70
       Falchion          |       |   131 |   164 ||   295
       Flail             |       |       |    42 ||    42
Throw: Boomerang         |     9 |     4 |    20 ||    33
 Cast: Spectral Weapon   |       |     6 |    13 ||    19
       Regeneration      |       |       |     5 ||     5
Invok: Curse Item        |       |       |     2 ||     2
 Stab: Distracted        |       |     1 |     3 ||     4
       Sleeping          |       |       |     2 ||     2
  Eat: Chunk             |     2 |    10 |     7 ||    19
       Ration            |       |       |     1 ||     1
Armor: Leather armour    |    12 |       |       ||    12
       Ring mail         |     5 |    41 |    66 ||   112
Dodge: Dodged            |    50 |   104 |   132 ||   286
Block: Buckler           |     7 |    37 |    43 ||    87
       Shield            |       |       |    16 ||    16
       Rpst.: Falchion   |       |    34 |    33 ||    67

Table legend:
 A = Non-vault XP
 B = Vault XP
 C = Vault XP percentage of total XP
 D = Non-vault monster count
 E = Vault monster count
 F = Vault count percentage of total count
                 A         B        C        D         E       F
            +---------+---------+-------+---------+---------+-------
      Total |    1764 |     541 |  23.5 |     112 |      11 |   8.9
            +---------+---------+-------+---------+---------+-------
        D:1 |      32 |       0 |   0.0 |      17 |       0 |   0.0
        D:2 |      51 |       0 |   0.0 |      15 |       0 |   0.0
        D:3 |     108 |       0 |   0.0 |      25 |       0 |   0.0
        D:4 |     278 |       0 |   0.0 |      17 |       0 |   0.0
        D:5 |     634 |       0 |   0.0 |      21 |       0 |   0.0
        D:6 |     661 |     396 |  37.5 |      17 |       5 |  22.7
      Sewer |       0 |     145 | 100.0 |       0 |       6 | 100.0
            +---------+---------+-------+---------+---------+-------
